[Event "*** Titled Tuesday 3|2 Blitz (Early)"]
[Site "Chess.com"]
[Date "2016.12.06"]
[Round "1"]
[White "JohanSalomon"]
[Black "akinov-akinseye"]
[Result "1-0"]
[WhiteElo "2398"]
[BlackElo "1866"]
[TimeControl "180+2"]
[EndTime "11:02:01 PST"]
[Termination "JohanSalomon won by checkmate"]

1. Nf3 f5 2. d3 e6 3. e4 fxe4 4. dxe4 Nf6 5. e5 Nd5 6. c4 Ne7 7.
Bd3 Nec6 8. O-O Bc5 9. Qe2 O-O 10. Nc3 Nd4 11. Nxd4 Bxd4 12. Qe4 Bxc3 13. Qxh7+ Kf7 14. Bg6+ Ke7 15. Qxg7+ Rf7 16. Qxf7# 1-0

[Event "*** Titled Tuesday 3|2 Blitz (Early)"]
[Site "Chess.com"]
[Date "2016.12.06"]
[Round "1"]
[White "Salem-AR"]
[Black "olgerts_indricans"]
[Result "1-0"]
[WhiteElo "2691"]
[BlackElo "2336"]
[TimeControl "180+2"]
[EndTime "11:02:12 PST"]
[Termination "Salem-AR won by resignation"]

1. d4 Nf6 2. c4 e6 3. Nf3 d5 4. Nc3 dxc4 5. e4 Bb4 6. Bg5 c5 7. e5 cxd4 8. Qa4+ Nc6 9. O-O-O Be7 10. exf6 gxf6 11. Nxd4 fxg5 12. Nxc6 Bd7 13. Nxd8 Bxa4 14. Nxa4 Bxd8 15. Nc3 a6 16. Bxc4 Rc8 17. Be2 Bf6 18. Rd3 b5 19. Kb1 1-0

[Event "*** Titled Tuesday 3|2 Blitz (Early)"]
[Site "Chess.com"]
[Date "2016.12.06"]
[Round "1"]
[White "jncool68"]
[Black "roldieyi"]
[Result "1-0"]
[WhiteElo "2461"]
[BlackElo "2135"]
[TimeControl "180+2"]
[EndTime "11:02:31 PST"]
[Termination "jncool68 won by resignation"]

1. e4 c6 2. d4 d5 3. e5 Bf5 4. h4 h6 5. g4 Bh7 6. e6 Qd6 7. exf7+ Kxf7 8. Bd3 Bxd3 9. Qxd3 Nd7 10. Nf3 e5 11. Qf5+ Ngf6 12. dxe5 Nxe5 13. Nxe5+ Qxe5+ 14. Qxe5 Re8 15. Qxe8+ Kxe8 16. f3 1-0

[Event "*** Titled Tuesday 3|2 Blitz (Early)"]
[Site "Chess.com"]
[Date "2016.12.06"]
[Round "1"]
[White "FitnessBen"]
[Black "Sethu0025"]
[Result "0-1"]
[WhiteElo "2323"]
[BlackElo "2620"]
[TimeControl "180+2"]
[EndTime "11:03:25 PST"]
[Termination "Sethu0025 won by resignation"]

1. e4 c5 2. Nf3 e6 3. d4 cxd4 4.
Nxd4 Nc6 5. Nxc6 bxc6 6. Bd3 d5 7. O-O Nf6 8. Nd2 Be7 9. Qe2 O-O 10. b3 Bb7 11. Bb2 c5 12. c4 d4 13. e5 Nd7 14. f4 Qc7 15. Ne4 g6 16. Rf3 Kg7 17. Raf1 a5 18. Rh3 a4 19. g4 axb3 20. axb3 Ra2 21.
f5 exf5 22. gxf5 Qxe5 23. Bxd4 Qxd4+ 24. Qe3 Qxe3+ 25. Rxe3 Bxe4 26. Bxe4 Bf6 27. Ref3 Bd4+ 28. Kh1 Nf6 29. fxg6 Nxe4 30. Rxf7+ Rxf7 31. gxf7 Kf8 0-1

[Event "*** Titled Tuesday 3|2 Blitz (Early)"]
[Site "Chess.com"]
[Date "2016.12.06"]
[Round "1"]
[White "kikydu96"]
[Black "DanielNaroditsky"]
[Result "0-1"]
[WhiteElo "2336"]
[BlackElo "2692"]
[TimeControl "180+2"]
[EndTime "11:03:28 PST"]
[Termination "DanielNaroditsky won by resignation"]

1. e4 e5 2. Nf3 Nc6 3. Bc4 Bc5 4. c3 Nf6 5. d3 a6 6. Bb3 Ba7 7. h3 d6 8. Nbd2 O-O 9. O-O Ne7 10. Re1 Ng6 11.
Nf1 b5 12. Be3 c5 13. Ng3 Bb7 14. Nh2 d5 15. exd5 Nxd5 16. Bd2 Ndf4 17. Bxf4 Nxf4 18.
Nf3 Nxd3 19. Re3 c4 20. Bc2 Bxe3 0-1

[Event "*** Titled Tuesday 3|2 Blitz (Early)"]
[Site "Chess.com"]
[Date "2016.12.06"]
[Round "1"]
[White "Peroncio"]
[Black "josiwales"]
[Result "1-0"]
[WhiteElo "2521"]
[BlackElo "2224"]
[TimeControl "180+2"]
[EndTime "11:03:59 PST"]
[Termination "Peroncio won by resignation"]

1. d4 e6 2. c4 d6 3. Nc3 Ne7 4.
e4 g6 5. Be3 Bg7 6. Qd2 h5 7.
Nf3 c6 8. Be2 d5 9. O-O O-O 10.
Bh6 dxe4 11. Nxe4 Nf5 12. Bxg7 Kxg7 13. Rad1 Qe7 14. Qc3 f6 15. Rfe1 Na6 16. a3 b6 17.
h3 Bb7 18. g4 hxg4 19. hxg4 Nh6 20. g5 fxg5 21. d5+ Kg8 22. d6 Qd8 23. Nfxg5 Bc8 24.
Kg2 Nf5 25. Rh1 Ng7 26. Rh7 1-0

[Event "*** Titled Tuesday 3|2 Blitz (Early)"]
[Site "Chess.com"]
[Date "2016.12.06"]
[Round "1"]
[White "fireheart92"]
[Black "AmazingAtlas"]
[Result "1-0"]
[WhiteElo "2592"]
[BlackElo "2304"]
[TimeControl "180+2"]
[EndTime "11:04:05 PST"]
[Termination "fireheart92 won by resignation"]

1. e4 c5 2. c3 Nf6 3. e5 Nd5 4. d4 cxd4 5. cxd4 Nc6 6. Nc3 Nxc3 7. bxc3 g6 8. f4 Bg7 9. Nf3 d6 10. Bd3 O-O 11. O-O dxe5 12. fxe5 f6 13. exf6 exf6 14. Ba3 Re8 15. Qb3+ Kh8 16. Rae1 Rxe1 17. Rxe1 Na5 18. Qf7 Nc6 19. Re8+ 1-0

[Event "*** Titled Tuesday 3|2 Blitz (Early)"]
[Site "Chess.com"]
[Date "2016.12.06"]
[Round "1"]
[White "Aygehovit1992"]
[Black "calemcc"]
[Result "1-0"]
[WhiteElo "2455"]
[BlackElo "2132"]
[TimeControl "180+2"]
[EndTime "11:04:05 PST"]
[Termination "Aygehovit1992 won by checkmate"]

1. e4 e6 2. d4 d5 3. Nc3 Nf6 4. e5 Nfd7 5. f4 c5 6. Nf3 Nc6 7. Be3 a6 8. Qd2 cxd4 9. Nxd4 Bc5 10. O-O-O Nxd4 11. Bxd4 O-O 12. h4 b5 13. Rh3 b4 14. Ne2 a5 15. h5 Ba6 16. Qe3 Qc7 17. Bxc5 Nxc5 18. Nd4 Rfc8 19. f5 Ne4 20. fxe6 fxe6 21.
Bxa6 Rxa6 22. h6 g6 23. Rf3 Qxe5 24. Rdf1 Ra7 25. Nc6 Qc7 26. Qxa7 Qxc6 27. Qg7# 1-0

[Event "*** Titled Tuesday 3|2 Blitz (Early)"]
[Site "Chess.com"]
[Date "2016.12.06"]
[Round "1"]
[White "macko06"]
[Black "NewBornNow"]
[Result "0-1"]
[WhiteElo "2283"]
[BlackElo "2577"]
[TimeControl "180+2"]
[EndTime "11:04:10 PST"]
[Termination "NewBornNow won by resignation"]

1. d4 Nf6 2. Nf3 e6 3. c4 d5 4. Nc3 Bb4 5. cxd5 exd5 6. Bg5 h6 7. Bxf6 Qxf6 8. e3 O-O 9. Bd3 c5 10.
O-O Bxc3 11. bxc3 c4 12. Bc2 Bg4 13. e4 Nc6 14. e5 Bxf3 15. exf6 Bxd1 16. fxg7 Bxc2 17.
gxf8=Q+ Kxf8 18. Rfe1 b5 19. Rac1 Bd3 20. Re3 b4 21.
cxb4 Nxd4 22. Rd1 a5 23. bxa5 Rxa5 24. Rd2 Nc2 25. Re5 Rxa2 26. f4 d4 27. Rc5 Ra1+ 28.
Kf2 Ne3 29. h4 c3 30. Rxd3 Ng4+ 31. Kg3 h5 32. Rxd4 c2 33. Rdc4 Ra3+ 34. Rc3 c1=Q 0-1

[Event "*** Titled Tuesday 3|2 Blitz (Early)"]
[Site "Chess.com"]
[Date "2016.12.06"]
[Round "1"]
[White "Keaton87"]
[Black "saraswathii"]
[Result "1-0"]
[WhiteElo "2474"]
[BlackElo "2184"]
[TimeControl "180+2"]
[EndTime "11:04:18 PST"]
[Termination "Keaton87 won by resignation"]

1. e4 c5 2. Nf3 e6 3. d4 cxd4 4. Nxd4 Nf6 5. Nc3 Nc6 6. Nxc6 bxc6 7. e5 Nd5 8. Ne4 f5 9. exf6 Nxf6 10. Bd3 d5 11.
Ng5 Bd6 12. O-O O-O 13. f4 h6 14. Nf3 Qb6+ 15. Kh1 Ng4 16. Qe2 Bxf4 17. Bxf4 Rxf4 18.
h3 Nf6 19. Ne5 Ne4 20. Bxe4 Rxe4 21. Qh5 Qc7 22. Qe8+ Kh7 23. Rf8 1-0

[Event "*** Titled Tuesday 3|2 Blitz (Early)"]
[Site "Chess.com"]
[Date "2016.12.06"]
[Round "1"]
[White "Iball95"]
[Black "Nachsueb"]
[Result "1-0"]
[WhiteElo "2477"]
[BlackElo "2163"]
[TimeControl "180+2"]
[EndTime "11:04:23 PST"]
[Termination "Iball95 won by resignation"]

1. e4 c5 2. Nf3 e6 3. g3 a6 4. Bg2 g6 5. d4 cxd4 6. Nxd4 Bg7 7. O-O Ne7 8. Nc3 Nbc6 9. Nxc6 bxc6 10. Qd6 O-O 11. Bg5 f6 12. Be3 Bb7 13. Rad1 Bc8 14. Na4 c5 15. Nxc5 Nc6 16. Nxe6 1-0

[Event "*** Titled Tuesday 3|2 Blitz (Early)"]
[Site "Chess.com"]
[Date "2016.12.06"]
[Round "1"]
[White "Izoria123"]
[Black "RaphaeI"]
[Result "1-0"]
[WhiteElo "2554"]
[BlackElo "2252"]
[TimeControl "180+2"]
[EndTime "11:04:37 PST"]
[Termination "Izoria123 won by resignation"]

1. Nf3 Nf6 2. c4 g6 3. g3 Bg7 4. Bg2 O-O 5. O-O d6 6. d4 Nbd7 7. Nc3 e5 8. e3 c6 9. a4 Re8 10. a5 e4 11. Ng5 d5 12. cxd5 cxd5 13. f3 h6 14. Nxf7 Kxf7 15. fxe4 dxe4 16. Qb3+ Ke7 17. Bd2 Nf8 18. Nxe4 Qd5 19. Qb4+ 1-0

[Event "*** Titled Tuesday 3|2 Blitz (Early)"]
[Site "Chess.com"]
[Date "2016.12.06"]
[Round "1"]
[White "poummba"]
[Black "Abdodi"]
[Result "1-0"]
[WhiteElo "2410"]
[BlackElo "2008"]
[TimeControl "180+2"]
[EndTime "11:04:55 PST"]
[Termination "poummba won by resignation"]

1. e4 c6 2. d4 d5 3. Nc3 dxe4 4.
Nxe4 Bf5 5. Ng3 Bg6 6. h4 h6 7. Nh3 Nf6 8. Nf4 Bh7 9. Bc4 e6 10. O-O Bd6 11. Ngh5 O-O 12. Re1 Nd5 13. Qg4 g6 14.
Bd3 Nxf4 15. Nxf4 Bxf4 16. Qxf4 h5 17. b3 Nd7 18. Bb2 Nb6 19. c4 Qb8 20. Qh6 Qe8 21. d5 f6 22. Rxe6 Qd7 23. Rae1 Rf7 24. Bxg6 Bxg6 25.
Qxg6+ Rg7 26. Re8+ Rxe8 27. Rxe8+ Qxe8 28. Qxe8+ Kh7 29. Bxf6 Rg6 30. Qf7+ Kh6 31. Bg5+ Rxg5 32. hxg5+ Kxg5 33. d6 1-0

[Event "*** Titled Tuesday 3|2 Blitz (Early)"]
[Site "Chess.com"]
[Date "2016.12.06"]
[Round "1"]
[White "Holden-Caulfield"]
[Black "Makalexa"]
[Result "1-0"]
[WhiteElo "2480"]
[BlackElo "2198"]
[TimeControl "180+2"]
[EndTime "11:04:56 PST"]
[Termination "Holden-Caulfield won on time"]

1. d4 Nf6 2. Nf3 g6 3. Bf4 Bg7 4. e3 d6 5. h3 O-O 6. Be2 Nfd7 7. c3 e5 8. dxe5 dxe5 9. Bh2 Nc6 10. Nbd2 f5 11. O-O e4 12. Nd4 Nde5 13. Nc4 Kh8 14. Nxc6 Nxc6 15. Qxd8 Rxd8 16. Bxc7 Rd5 17. Rad1 Be6 18.
Rxd5 Bxd5 19. Rd1 Be6 20. Bg3 Rd8 21. Rxd8+ 1-0

[Event "*** Titled Tuesday 3|2 Blitz (Early)"]
[Site "Chess.com"]
[Date "2016.12.06"]
[Round "1"]
[White "E-Shaposhnikov"]
[Black "162a54f5d"]
[Result "1-0"]
[WhiteElo "2707"]
[BlackElo "2363"]
[TimeControl "180+2"]
[EndTime "11:05:00 PST"]
[Termination "E-Shaposhnikov won on time"]

1. Nf3 d6 2. d4 Bg4 3. e4 Nf6 4. Nc3 c6 5. h3 Bh5 6. Be3 e6 7. Be2 d5 8. e5 Nfd7 9. Nd2 Bxe2 10.
Nxe2 c5 11. c3 Nc6 12. O-O Be7 13. Ng3 O-O 14. Qg4 1-0

[Event "*** Titled Tuesday 3|2 Blitz (Early)"]
[Site "Chess.com"]
[Date "2016.12.06"]
[Round "1"]
[White "VladDobrov"]
[Black "WanderingPuppet"]
[Result "1-0"]
[WhiteElo "2611"]
[BlackElo "2309"]
[TimeControl "180+2"]
[EndTime "11:05:14 PST"]
[Termination "VladDobrov won by resignation"]

1. d4 Nf6 2. c4 g6 3. Nc3 Bg7 4. e4 O-O 5. Nge2 d6 6. Ng3 c5 7.
d5 e6 8. Be2 exd5 9. exd5 Nbd7 10. O-O a6 11. a4 Re8 12. Bf4 Ne5 13. Qd2 h5 14. Bg5 Qe7 15. Rae1 Qf8 16. f4 Neg4 17.
Bf3 Nh7 18. Rxe8 Qxe8 19. Bxg4 Nxg5 20. Re1 Qd8 21. Bxc8 Nf3+ 22. gxf3 Rxc8 23. Kg2 h4 24.
Nge4 h3+ 25. Kxh3 Qd7+ 26. Kg2 Bd4 27. Qxd4 cxd4 28. Nf6+ Kg7 29. Nxd7 dxc3 30. Nb6 Rc7 31. b4 a5 32. b5 Kf6 33. Rc1 Re7 34. Kf2 Kf5 35. Rxc3 Kxf4 36. c5 1-0

[Event "*** Titled Tuesday 3|2 Blitz (Early)"]
[Site "Chess.com"]
[Date "2016.12.06"]
[Round "1"]
[White "jcibarra"]
[Black "Lector118"]
[Result "1-0"]
[WhiteElo "2655"]
[BlackElo "2334"]
[TimeControl "180+2"]
[EndTime "11:05:26 PST"]
[Termination "jcibarra won by resignation"]

1. e4 c5 2. Nf3 d6 3. d4 cxd4 4.
Nxd4 Nf6 5. Nc3 Nc6 6. Bg5 e6 7. Qd2 Be7 8. O-O-O Nxd4 9. Qxd4 O-O 10. f4 h6 11. h4 a6 12. Bc4 b5 13. Bb3 Bb7 14. Qe3 Rc8 15. e5 Ng4 16. Qg3 h5 17. Rxd6 Qc7 18. Bxe7 Qxe7 19. a3 Rc7 20. Rhd1 g6 21. Kb1 Bc6 22. Ne2 Be4 23. Nd4 Bf5 24. Rxa6 Rd8 25.
Ka2 Rdc8 26. Nxf5 gxf5 27. c3 Kg7 28. Rdd6 Rd7 29. Rxd7 Qxd7 30. Rd6 Qb7 31. Qf3 Qa7 32. Qd3 Qf2 33. g3 Qa7 34. Bxe6 1-0

[Event "*** Titled Tuesday 3|2 Blitz (Early)"]
[Site "Chess.com"]
[Date "2016.12.06"]
[Round "1"]
[White "RamonManon0g"]
[Black "Tesla37"]
[Result "0-1"]
[WhiteElo "2298"]
[BlackElo "2592"]
[TimeControl "180+2"]
[EndTime "11:05:36 PST"]
[Termination "Tesla37 won by resignation"]

1. d4 Nf6 2. c4 g6 3. Nc3 Bg7 4.
e4 O-O 5. Nf3 d6 6. Be2 e5 7.
O-O Nbd7 8. h3 c6 9. Be3 Qe7 10. dxe5 dxe5 11. Qd2 Nc5 12. Qc2 Nh5 13. Bg5 Qc7 14. Qd2 Nf4 15. Rad1 Nce6 16. Bh4 f6 17. Qd6 Qb6 18. b3 Qa5 19. Qd2 Qxc3 20. Qxc3 Nxe2+ 21. Kh1 Nxc3 22. Rd2 Nxe4 23. Re2 N4c5 24. Rd1 Nf4 25. Red2 Bf5 26. Bg3 Ne4 27. Rc2 Nxg3+ 28. fxg3 Bxc2 0-1

[Event "*** Titled Tuesday 3|2 Blitz (Early)"]
[Site "Chess.com"]
[Date "2016.12.06"]
[Round "1"]
[White "sorito"]
[Black "Genghis_K"]
[Result "0-1"]
[WhiteElo "2331"]
[BlackElo "2679"]
[TimeControl "180+2"]
[EndTime "11:05:48 PST"]
[Termination "Genghis_K won by resignation"]

1. b3 e5 2. Bb2 Nc6 3. e3 Nf6 4.
Bb5 Bd6 5. Na3 Na5 6. Be2 a6 7. Nf3 e4 8. Nd4 O-O 9. Nf5 Bc5 10. g4 d5 11. Rg1 Bxf5 12. gxf5 Nc6 13. d4 exd3 14.
cxd3 Bb4+ 15. Kf1 Qd6 16. Nc2 Bc5 17. Qd2 Rfe8 18. Qc3 d4 19. Nxd4 Nxd4 20. exd4 Bb4 21. Qc2 Qxh2 22. Bf3 Qh3+ 23. Bg2 Qxf5 24. d5 Ng4 25. Be4 Ne3+ 0-1

[Event "*** Titled Tuesday 3|2 Blitz (Early)"]
[Site "Chess.com"]
[Date "2016.12.06"]
[Round "1"]
[White "Aguiar94"]
[Black "Alexander_Moskalenko"]
[Result "1-0"]
[WhiteElo "2345"]
[BlackElo "2644"]
[TimeControl "180+2"]
[EndTime "11:06:04 PST"]
[Termination "Aguiar94 won by resignation"]

1. e4 e5 2. Nf3 Nc6 3. Nc3 Nf6 4.
Bb5 Bb4 5. O-O O-O 6. d3 Bxc3 7.
bxc3 d6 8. Re1 Bd7 9. d4 Re8 10. Bg5 h6 11. Bxf6 Qxf6 12. Rb1 Rad8 13. Bxc6 bxc6 14.
Rb7 exd4 15. Qxd4 Qe6 16. Rxa7 c5 17. Qd5 c6 18. Qd3 Ra8 19. Qa6 Rab8 20. a4 Rb2 21. Qd3 c4 22. Qd2 c5 23. e5 dxe5 24. Qxd7 e4 25.
Qxe6 Rxe6 26. Nd2 Rxc2 27. Nxc4 Rxc3 28. Ne3 g6 29. Ra1 f5 30. g3 Rd3 31. a5 Rf6 32. a6 Rd8 33. Rc7 Ra8 34. a7 h5 35. Nd5 Re6 36. Rb7 1-0

[Event "*** Titled Tuesday 3|2 Blitz (Early)"]
[Site "Chess.com"]
[Date "2016.12.06"]
[Round "1"]
[White "Matibar"]
[Black "Schemato"]
[Result "1-0"]
[WhiteElo "2584"]
[BlackElo "2287"]
[TimeControl "180+2"]
[EndTime "11:06:04 PST"]
[Termination "Matibar won by resignation"]

1. e4 e6 2. d4 d5 3. Nc3 Nf6 4.
Bg5 Bb4 5. e5 h6 6. Bh4 g5 7.
Bg3 Ne4 8. Ne2 f5 9. f3 Nxg3 10.
hxg3 Nc6 11. a3 Ba5 12. Qd2 Bd7 13. O-O-O Qe7 14. Kb1 O-O-O 15. Nc1 a6 16. Nb3 Bb6 17. Na4 Ba7 18. Nac5 Nb8 19. Qb4 Bc6 20. Nxa6 Qxb4 21.
Nxb4 Bd7 22. Nc5 Bxc5 23. dxc5 Nc6 24. Nxc6 Bxc6 25. b4 b5 26. cxb6 cxb6 27. c4 Kb7 28. b5 Be8 29. cxd5 exd5 30. f4 g4 31. Rd4 Bf7 32. Bd3 Be6 33. Rc1 Rc8 34. Rxc8 Rxc8 35. Kb2 h5 36. Bc2 Rh8 37. Bb3 Re8 1-0

[Event "*** Titled Tuesday 3|2 Blitz (Early)"]
[Site "Chess.com"]
[Date "2016.12.06"]
[Round "1"]
[White "micfel"]
[Black "GM_Donatello"]
[Result "0-1"]
[WhiteElo "2275"]
[BlackElo "2565"]
[TimeControl "180+2"]
[EndTime "11:06:16 PST"]
[Termination "GM_Donatello won by resignation"]

1. e4 e5 2. Nf3 Nc6 3. Bb5 a6 4. Ba4 Nf6 5. O-O Be7 6. Re1 b5 7.
Bb3 d6 8. c3 O-O 9. d3 Na5 10.
Bc2 c5 11. Nbd2 Re8 12. Nf1 Bf8 13. Ng3 h6 14. Nh4 d5 15. Nhf5 Nc6 16. Qf3 d4 17.
Bd2 Be6 18. a4 Rc8 19. axb5 axb5 20. Ra6 Kh7 21. Qd1 Ng8 22. h3 g6 23. Qf3 gxf5 24.
exf5 Bd5 25. Ne4 Bxe4 26. Rxe4 Qd7 27. Rh4 Rc7 28. f6 Qe6 29. cxd4 cxd4 30. Bg5 e4 31. dxe4 Ne5 32. Rxe6 Nxf3+ 33. gxf3 Rxe6 34. e5+ Rxc2 0-1

[Event "*** Titled Tuesday 3|2 Blitz (Early)"]
[Site "Chess.com"]
[Date "2016.12.06"]
[Round "1"]
[White "Ind1anStar"]
[Black "Apocalyps999"]
[Result "0-1"]
[WhiteElo "2140"]
[BlackElo "2429"]
[TimeControl "180+2"]
[EndTime "11:06:43 PST"]
[Termination "Apocalyps999 won by resignation"]

1. e4 e5 2. Nf3 Nc6 3. Bc4 Bc5 4.
d3 Nf6 5. c3 O-O 6. Nbd2 a6 7.
Bb3 d6 8. Nf1 Ng4 9. d4 exd4 10.
cxd4 Bb6 11. Ng3 Qf6 12. Bg5 Ba5+ 13. Bd2 Bb6 14. Bc3 Be6 15. h3 Bxb3 16. axb3 Nh6 17. O-O Rae8 18. Nh5 Qd8 19. d5 Ne5 20. Nxe5 dxe5 21.
Bd2 Qd6 22. Kh1 f5 23. f4 fxe4 24. fxe5 Rxf1+ 25. Qxf1 Qxe5 26. g4 e3 27. Bc3 Qxd5+ 28. Kh2 Rf8 29. Bxg7 Rxf1 30. Rxf1 Qd2+ 31. Kh1 Nf7 32.
Bc3 Qd5+ 33. Kh2 Qd6+ 34. Kh1 e2 35. Nf6+ Kf8 36. Re1 Bf2 37. Nxh7+ Kg8 38. Nf6+ Qxf6 39. Rxe2 Qf3+ 0-1

[Event "*** Titled Tuesday 3|2 Blitz (Early)"]
[Site "Chess.com"]
[Date "2016.12.06"]
[Round "1"]
[White "Saitama_Hero"]
[Black "Divertissement"]
[Result "0-1"]
[WhiteElo "2134"]
[BlackElo "2454"]
[TimeControl "180+2"]
[EndTime "11:06:45 PST"]
[Termination "Divertissement won by resignation"]

1. d4 Nf6 2. Nf3 g6 3. Bg5 Bg7 4. Nbd2 d5 5. Bxf6 Bxf6 6. e4 O-O 7. Bd3 c5 8. e5 Bg7 9. c3 Nc6 10. h3 Qb6 11. Qb3 c4 12. Qxb6 axb6 13. Bc2 b5 14. O-O b4 15. Rfb1 b5 16. a3 b3 17. Bd1 f6 18. exf6 Bxf6 19. Be2 e5 20. dxe5 Nxe5 21. Nxe5 Bxe5 22. Bf3 Bb7 23. Re1 Bf4 24. Nf1 Rfe8 25. g3 Bh6 26. Rad1 Rxe1 27. Rxe1 Kf7 28. Ne3 Rd8 29.
Ng4 Bg7 30. Rd1 Ba8 31. Ne3 d4 32. cxd4 Bxf3 0-1

[Event "*** Titled Tuesday 3|2 Blitz (Early)"]
[Site "Chess.com"]
[Date "2016.12.06"]
[Round "1"]
[White "pedromartinez91"]
[Black "BillieKimbah"]
[Result "1-0"]
[WhiteElo "2326"]
[BlackElo "2583"]
[TimeControl "180+2"]
[EndTime "11:06:50 PST"]
[Termination "pedromartinez91 won by resignation"]

1. e4 e5 2. Nf3 Nc6 3. d4 exd4 4.
Nxd4 Bc5 5. Nxc6 Qf6 6. Qf3 dxc6 7. Nc3 Be6 8. Qg3 O-O-O 9. Bd3 Qg6 10. Qxg6 hxg6 11.
Ke2 Nf6 12. f3 Nd7 13. Be3 Bd6 14. h3 Ne5 15. Rad1 c5 16. f4 c4 17. fxe5 Bxe5 18.
Kf3 cxd3 19. cxd3 b6 20. d4 Bf6 21. e5 Be7 22. d5 Bd7 23. Rc1 Kb7 24. Rhd1 Rh5 25.
Bf4 g5 26. Bg3 g4+ 27. hxg4 Rg5 28. Rd4 Rg6 29. b4 f6 30. e6 Bxe6 31. Nb5 Bxd5+ 32. Rxd5 Rxd5 33. Rxc7+ Ka6 34. a4 Rxb5 35. axb5+ Kxb5 36. Rxe7 a6 37. Re6 Rg5 38. Bc7 1-0

[Event "*** Titled Tuesday 3|2 Blitz (Early)"]
[Site "Chess.com"]
[Date "2016.12.06"]
[Round "1"]
[White "Fandorine"]
[Black "HZMC92"]
[Result "1-0"]
[WhiteElo "2619"]
[BlackElo "2318"]
[TimeControl "180+2"]
[EndTime "11:06:51 PST"]
[Termination "Fandorine won by resignation"]

1. e4 c5 2. Nf3 d6 3. d4 cxd4 4.
Nxd4 Nf6 5. Nc3 g6 6. g3 Bg7 7.
Bg2 O-O 8. O-O Nc6 9. Nb3 a5 10. a4 Be6 11. Nd5 Rc8 12. c3 Ne5 13. h3 Bxd5 14. exd5 Ned7 15. Nd4 Nc5 16. Nb5 Re8 17. Be3 b6 18. Na7 Rc7 19. Nb5 Rc8 20. Re1 Qd7 21.
Bd4 Nh5 22. b4 Bxd4 23. Nxd4 Na6 24. Nc6 axb4 25. cxb4 e6 26. Qd3 Nc7 27. dxe6 Nxe6 28. Rec1 Nhg7 29. a5 bxa5 30. bxa5 Nc5 31. Rxc5 Ne6 32.
Rcc1 1-0

[Event "*** Titled Tuesday 3|2 Blitz (Early)"]
[Site "Chess.com"]
[Date "2016.12.06"]
[Round "1"]
[White "viktorskliarov"]
[Black "Hieronymus00"]
[Result "1-0"]
[WhiteElo "2442"]
[BlackElo "2111"]
[TimeControl "180+2"]
[EndTime "11:06:58 PST"]
[Termination "viktorskliarov won on time"]

1. e4 e5 2. Nc3 Nc6 3. Bc4 Nf6 4.
d3 Bc5 5. a3 a6 6. h3 d6 7.
Nge2 O-O 8. Ng3 Nd4 9. O-O c6 10. b4 Ba7 11. Nce2 d5 12. Ba2 Qe7 13. c3 Nb5 14. Be3 d4 15. cxd4 Nxd4 16. Nxd4 exd4 17. Bd2 c5 18. Rc1 Bd7 19. f4 Rac8 20. e5 Ne8 21. Ne4 b6 22. Qh5 Bc6 23. Rfe1 Bxe4 24. Rxe4 Nc7 25.
bxc5 bxc5 26. f5 Qd7 27. Rh4 h6 28. Bxh6 Nd5 29. Bxg7 1-0

[Event "*** Titled Tuesday 3|2 Blitz (Early)"]
[Site "Chess.com"]
[Date "2016.12.06"]
[Round "1"]
[White "Er_is_geen_hoop_meer"]
[Black "vovkcoach"]
[Result "1/2-1/2"]
[WhiteElo "2273"]
[BlackElo "2555"]
[TimeControl "180+2"]
[EndTime "11:07:02 PST"]
[Termination "Game drawn by repetition"]

1. e4 c5 2. Nf3 d6 3. d4 cxd4 4. Nxd4 Nf6 5. f3 e5 6. Nb3 Nc6 7. c4 Be7 8. Be3 a5 9. Nc3 a4 10. Nd2 Qa5 11. Be2 O-O 12. O-O Bd8 13. c5 Be6 14. cxd6 Bb6 15. Bf2 Rfd8 16. Nc4 Bxc4 17. Bxc4 Bxf2+ 18. Rxf2 Qc5 19. Bd5 a3 20. Qb3 Nd4 21.
Qxb7 Rab8 22. Qc7 axb2 23. Rb1 Qa3 24. Rfxb2 Rbc8 25. Qxf7+ Kh8 26. Rb7 Nh5 27. d7 Qxc3 28. dxc8=Q Qe3+ 29. Kh1 Rxc8 30. Rb8 Ng3+ 31. hxg3 Qh6+ 32.
Kg1 Qe3+ 33. Kh2 Qh6+ 34. Kg1 Qe3+ 35. Kh2 Qh6+ 36. Kg1 Qe3+ 37. Kh2 1/2-1/2

[Event "*** Titled Tuesday 3|2 Blitz (Early)"]
[Site "Chess.com"]
[Date "2016.12.06"]
[Round "1"]
[White "Quiet_Desperation"]
[Black "LPSupi"]
[Result "0-1"]
[WhiteElo "2299"]
[BlackElo "2594"]
[TimeControl "180+2"]
[EndTime "11:07:04 PST"]
[Termination "LPSupi won by checkmate"]

1. e4 c5 2. Nf3 Nc6 3. d4 cxd4 4.
Nxd4 Qb6 5. Nb3 Nf6 6. Nc3 e6 7.
Bd3 Be7 8. O-O O-O 9. Be3 Qc7 10. f4 d6 11. Kh1 a6 12. a4 b6 13. Rf3 Bb7 14. Rh3 Nb4 15. e5 Qc6 16. Rg3 Ne8 17. Be4 Qc8 18. Bxh7+ Kxh7 19. Qh5+ Kg8 20. Rh3 f5 21.
Nd4 Nd5 22. Nxd5 Bxd5 23. c4 Qxc4 24. Rc1 Qd3 25. Bg1 Qd2 26. Rc2 Bxg2# 0-1

[Event "*** Titled Tuesday 3|2 Blitz (Early)"]
[Site "Chess.com"]
[Date "2016.12.06"]
[Round "1"]
[White "stefanodinn"]
[Black "GrigorGrigorov"]
[Result "1-0"]
[WhiteElo "2187"]
[BlackElo "2447"]
[TimeControl "180+2"]
[EndTime "11:07:08 PST"]
[Termination "stefanodinn won by resignation"]

1. e4 g6 2. d4 Bg7 3. Nf3 d6 4. Bc4 Nf6 5. Qe2 O-O 6. O-O c6 7. e5 Ne8 8. Bf4 Bg4 9. Nbd2 d5 10. Bd3 e6 11. h3 Bxf3 12. Nxf3 Qb6 13. c3 c5 14. Be3 cxd4 15. cxd4 Nc6 16. Rac1 Nc7 17. a3 a6 18. Rc5 Rfe8 19. Rfc1 Bf8 20. R5c2 Nb5 21. h4 Qa5 22. h5 Qa4 23. g3 Nbxd4 24. Nxd4 Nxd4 25. Qg4 f5 26. exf6 e5 27. hxg6 h5 28.
f7+ Kg7 29. fxe8=N+ Rxe8 30. Qxh5 Kf6 31. Qg5+ Ke6 32.
Bxd4 Qxd4 33. Bf5+ Kd6 34. Qf6+ 1-0

[Event "*** Titled Tuesday 3|2 Blitz (Early)"]
[Site "Chess.com"]
[Date "2016.12.06"]
[Round "1"]
[White "MyleneFarmer"]
[Black "Evgeny_Levin"]
[Result "0-1"]
[WhiteElo "2373"]
[BlackElo "2722"]
[TimeControl "180+2"]
[EndTime "11:07:12 PST"]
[Termination "Evgeny_Levin won by resignation"]

1. e4 c5 2. Nf3 d6 3. Bb5+ Nd7 4. d4 cxd4 5. Qxd4 a6 6. Bxd7+ Bxd7 7. c4 e5 8. Qd3 b5 9. Nc3 bxc4 10. Qxc4 Nf6 11.
O-O h6 12. h3 Be7 13. Nd2 O-O 14. Qd3 Be6 15. Nc4 Rc8 16. Ne3 Qb6 17. b3 Qd4 18. Qxd4 exd4 19. Ncd5 Bd8 20. Nxf6+ Bxf6 21. Nd5 Bxd5 22. exd5 d3 23. Rb1 Rc5 24. Bb2 Bg5 25. Rbd1 Rxd5 26. f4 Bh4 27. Rf3 d2 28. g3 Bd8 29.
Bc3 Bb6+ 30. Kf1 Rc8 31. Ke2 Re8+ 32. Kf1 Be3 33. g4 Re4 34. f5 a5 35. Rg3 Bg5 36. Rg2 Rd3 37. Bxd2 Red4 38. Ke1 Rxh3 39. Rg1 Rhd3 40.
Rg2 Kf8 41. Re2 Rxg4 42. Bxg5 Rg1+ 43. Kf2 Rdxd1 44. Be7+ Kg8 45. f6 Rdf1+ 46. Ke3 Rg3+ 47. Kd2 gxf6 48. Bxd6 Rg5 49. Bc7 Rd5+ 50. Kc2 Rc5+ 51. Kb2 Rxc7 0-1

[Event "*** Titled Tuesday 3|2 Blitz (Early)"]
[Site "Chess.com"]
[Date "2016.12.06"]
[Round "1"]
[White "ZivkovicN"]
[Black "Wolverine_master"]
[Result "1-0"]
[WhiteElo "2427"]
[BlackElo "2033"]
[TimeControl "180+2"]
[EndTime "11:07:12 PST"]
[Termination "ZivkovicN won by resignation"]

1. e4 d5 2. Nc3 dxe4 3. Nxe4 e5 4. Bb5+ Bd7 5. Qe2 Nf6 6. Bxd7+ Nbxd7 7. Nf3 Nxe4 8. Qxe4 Bd6 9. O-O O-O 10. Qxb7 Nc5 11.
Qb5 e4 12. Ne1 Qh4 13. g3 Qh3 14. d3 Rfe8 15. d4 Ne6 16. Be3 Reb8 17. Qc6 f5 18.
Qd5 f4 19. gxf4 Rf8 20. Ng2 Rf6 21. Qxa8+ Bf8 22. f5 Rh6 23. Bxh6 gxh6 24. fxe6 1-0